 Dungeon Crawl Stone Soup version 0.26.1-2-gb8aa6d0cf2 (webtiles) character file.

Game seed: 12090457784486205785

291 Gadfly the Cudgeller (level 6, -4/55 HPs)
             Began as a Gargoyle Berserker on Feb 26, 2021.
             Was a Believer of Trog.
             Killed from afar by Dowan (13 damage)
             ... with a shard of ice
             ... on level 4 of the Dungeon.
             The game lasted 00:05:31 (3763 turns).

Gadfly the Cudgeller (Gargoyle Berserker)           Turns: 3763, Time: 00:05:31

Health: -4/55      AC: 23    Str: 22    XL:     6   Next: 32%
Magic:  6/6        EV:  2    Int:  7    God:    Trog [**....]
Gold:   185        SH:  0    Dex: 10    Spells: 5/5 levels left

rFire    . . .     SeeInvis .   a - +1 mace
rCold    . . .     Faith    .   (no shield)
rNeg     + + +     Spirit   .   (armour currently unavailable)
rPois    ∞         Reflect  .   (helmet currently unavailable)
rElec    .         Harm     .   (cloak currently unavailable)
rCorr    .         Rampage  .   (gloves currently unavailable)
Will     .....     NoTele   +   (boots currently unavailable)
Stlth    +.........             (no amulet)
HPRegen  0.18/turn              (no ring)
MPRegen  0.10/turn              (no ring)

@: tree-form
A: negative energy resistance 1, petrification resistance, miasma immunity, AC
+4
a: Renounce Religion, Berserk, Trog's Hand


You were on level 4 of the Dungeon.
You worshipped Trog.
Trog was pleased with you.
You were a tree.
You visited 1 branch of the dungeon, and saw 4 of its levels.

You collected 185 gold pieces.

Inventory:

Hand Weapons
 a - a +1 mace (weapon)
Armour
 b - a +0 ring mail (melded)
 e - a +0 pair of boots (melded)
Wands
 l - a wand of iceblast (9)
Scrolls
 c - a scroll of teleportation
 h - a scroll of enchant weapon
 k - a scroll of remove curse
Potions
 g - a potion of mutation
 i - a potion of might
 j - a potion of flight


   Skills:
 + Level 3.6 Fighting
 * Level 4.3 Maces & Flails
 + Level 3.1 Armour
 - Level 1.5 Dodging
 * Level 3.2 Shields
 * Level 2.6 Evocations


You had 5 spell levels left.
You didn't know any spells.
Your spell library was empty.

Dungeon Overview and Level Annotations

Branches:
Dungeon (4/15)
 Temple: D:4-7

Altars:

Annotations:
D:4 Dowan


Innate Abilities, Weirdness & Mutations

You are resistant to torment.
((Your stone body is resilient. (AC +4)))
You are immune to poison.
You resist negative energy. (rN+)
((You are resistant to electric shocks. (rElec)))
((You can survive without breathing.))
You are immune to petrification.
You are immune to miasma.


Message History

Your +0 pair of boots melds into your body.
Your +0 ring mail melds into your body.
Your roots penetrate the ground.
Dowan hits you but does no damage. x2
You closely miss Dowan.
Dowan is severely wounded.
Dowan hits you but does no damage.
You closely miss Dowan.
Dowan is severely wounded.
Dowan points at you and mumbles some strange words.
The stone arrow hits you!
* * * LOW HITPOINT WARNING * * *
Dowan gestures at you while chanting.
The stone arrow hits you but does no damage.
You feel better. Dowan hits you but does no damage. x2
You hit Dowan.
Dowan is severely wounded.
Dowan is no longer moving quickly.
Dowan gestures at you while chanting. The shard of ice hits you!
You die...

...............##.....###
......#.....##.##...#.....
......##..#.........#.#...
...............#......# ..
............#.##......#.##
......................#.#
............###.........#
...........###..........#..
..........#.....♣..........
#.........##....e.<........
##.......<.......[........#
..##....#....##.......!...#
.. #....#..####............
. .........# #............
...##.....# .............#
... ............?........#
.. ##..##.#..............#


You could see Dowan.

Vanquished Creatures
  Duvessa (D:4)
  A hound (D:2)
  8 adders
  An ooze (D:1)
  A dart slug (D:1)
  2 worms
  2 leopard geckos (D:1)
  4 orcs (D:3)
  3 ball pythons
  6 bats
  5 giant cockroaches
  10 goblins
  6 hobgoblins
  10 kobolds
  2 quokkas
  5 frilled lizards
  8 rats
75 creatures vanquished.

Notes
Turn   | Place    | Note
-------+----------+-------------------------------------------
     0 | D:1      | Gadfly the Gargoyle Berserker began the quest for the Orb.
     0 | D:1      | Reached XP level 1. HP: 14/14 MP: 1/1
   363 | D:1      | Reached XP level 2. HP: 6/19 MP: 2/2
   626 | D:1      | Reached skill level 1 in Shields
  1028 | D:1      | Reached skill level 1 in Evocations
  1028 | D:1      | Reached XP level 3. HP: 17/23 MP: 3/3
  1857 | D:2      | Reached XP level 4. HP: 28/28 MP: 4/4
  1983 | D:2      | Reached ** piety under Trog
  2213 | D:2      | Reached XP level 5. HP: 30/32 MP: 5/5
  2726 | D:3      | Reached skill level 4 in Maces & Flails
  3393 | D:4      | Noticed Duvessa
  3393 | D:4      | Noticed Dowan
  3471 | D:4      | Killed Duvessa
  3472 | D:4      | Reached XP level 6. HP: 5/37 MP: 6/6
  3763 | D:4      | Killed from afar by Dowan

Illustrated notes

Levels and vault maps discovered:
D:1:      dpeg_arrival_tiny_g, layout_rooms
D:2:      minmay_evil_eye, layout_rooms, minmay_misc_feat_encased,
          minmay_fractal_squares_5
D:3:      layout_loops_ring
D:4:      layout_cave_pools, kennysheep_generic_room_2, uniq_duvessa

Skill      XL: |  1  2  3  4  5 |
---------------+----------------+-----
Shields        | 1 2 3 |  3.2
Evocations     | 1 2 |  2.6
Maces & Flails | 4 |  4.3
Armour         | 3 |  3.1
Fighting       | |  3.6
Dodging        | |  1.5

Action                   |  1- 3 |  4- 6 || total
-------------------------+-------+-------++-------
Melee: Dagger            |   191 |       ||   191
       Mace              |    33 |   209 ||   242
  Use: Scroll            |     6 |     7 ||    13
       Potion            |       |     5 ||     5
Armor: Animal skin       |    26 |       ||    26
       Leather armour    |    88 |    30 ||   118
       Ring mail         |       |    98 ||    98
       Skin              |       |     5 ||     5
Dodge: Dodged            |   207 |   165 ||   372
